 Dungeon Sprint DCSS version 0.20-a0-208-g55166f7 (webtiles) character file.

23 Faca the Skirmisher (level 3, 0/33 HPs)
             Began as a Formicid Fighter on Nov 25, 2016.
             Was an Initiate of Trog.
             Slain by a troll (10 damage)
             ... in the Dungeon (Sprint IX: "|||||||||||||||||||||||||||||").
             The game lasted 00:02:00 (149 turns).

Faca the Skirmisher (Formicid Fighter)               Turns: 149, Time: 00:02:01

Health: 0/33       AC: 11    Str: 23    XL:     3   Next: 12%
Magic:  3/3        EV:  8    Int:  7    God:    Trog [......]
Gold:   0          SH: 10    Dex: 11    Spells: 2/2 levels left

rFire  . . .     SeeInvis +     o - +1 broad axe (freeze)
rCold  . . .     Gourm    .     q - +1 chain mail
rNeg   . . .     Faith    .     c - +0 shield
rPois  .         Spirit   .     (helmet unavailable)
rElec  .         Reflect  .     p - +0 cloak
rCorr  .         Harm     .     (no gloves)
MR     .....                    (no boots)
Stlth  ..........               (no amulet)
                                s - +3 ring of strength
                                r - +2 ring of evasion

@: no status effects
A: permanent stasis, dig shafts and tunnels, four strong arms, antennae 3
a: Dig, Burn Spellbooks, Renounce Religion


You were in the Dungeon.
You worshipped Trog.
Trog was noncommittal.
You were not hungry.

You visited 1 branch

Inventory:

Hand Weapons
 o - a +1 broad axe of freezing (weapon)
Armour
 c - a +0 shield (worn)
 p - a +0 cloak (worn)
 q - a +1 chain mail (worn)
Jewellery
 r - a +2 ring of evasion (left hand)
 s - a +3 ring of strength (right hand)
Wands
 n - a wand of acid (7/15)
Scrolls
 m - 3 scrolls of remove curse
Potions
 d - a potion of might
 e - 5 potions of curing
 g - 3 potions of heal wounds
 i - 4 potions of magic
 l - a potion of invisibility
Comestibles
 f - a bread ration


   Skills:
 + Level 5.0 Fighting
 + Level 2.4 Axes
 + Level 4.6 Armour
 + Level 4.9 Shields


You had 2 spell levels left.
You didn't know any spells.

Dungeon Overview and Level Annotations

Branches:
Dungeon (1/1)

Altars:
Cheibriados
Dithmenos
Elyvilon
Fedhas
Gozag
Hepliaklqana
Kikubaaqudgha
Makhleb
Nemelex Xobeh
Okawaru
Qazlal
Ru
Sif Muna
Trog
Uskayaw
Vehumet
Xom
Yredelemnul
Zin
The Shining One
Beogh
Jiyva
Lugonu


Innate Abilities, Weirdness & Mutations

You cannot be hasted, slowed, berserked, paralysed or teleported.
You can dig through walls and to a lower floor.
Your four strong arms can wield two-handed weapons with a shield.
You have a pair of large antennae on your head. (SInv)


Message History

The troll bites you! You block the troll's attack. The troll barely misses you.
The troll bites you but does no damage.
The troll claws you but does no damage. x2
You barely miss the troll. You block the troll's attack. x2
The troll claws you.
You slash the troll! You freeze the troll.
The troll is moderately wounded.
The troll bites you! The troll barely misses you.
You block the troll's attack. x2
The troll closely misses you. The troll claws you but does no damage.
Your shield and chain mail prevent you from hitting the troll.
The troll is moderately wounded.
The troll bites you but does no damage. The troll claws you but does no damage.
The troll completely misses you.
You closely miss the troll.
The troll is moderately wounded.
The troll bites you. The troll closely misses you.
The troll claws you but does no damage.
You hit the troll but do no damage.
The troll is moderately wounded.
The troll bites you!
You die...

▓.▓
{
▓?▓
{
▓|▓
{
▓)▓
{
▓[▓
{
▓.▓
{
▓.▓
{
▓.▓
{
▓@▓
▓T▓
▓y▓
▓S▓
▓s▓
▓n▓
▓Z▓
▓.▓


You could see a troll, a necrophage, a scorpion, a killer bee, an adder and a
bat skeleton.

Vanquished Creatures
  A gnoll (D)
  A dart slug (D)
  A leopard gecko (D)
  An orc (D)
  A ball python (D)
  A bat zombie (D)
  A goblin (D)
  A hobgoblin (D)
  A frilled lizard (D)
  A rat (D)
10 creatures vanquished.

Notes
Turn   | Place    | Note
-------+----------+-------------------------------------------
     0 | D        | Faca the Formicid Fighter began the quest for the Orb.
     0 | D        | Reached XP level 1. HP: 18/18 MP: 1/1
     7 | D        | Reached skill level 4 in Fighting
     9 | D        | Reached XP level 2. HP: 25/25 MP: 2/2
    29 | D        | Reached XP level 3. HP: 26/32 MP: 3/3
    31 | D        | Reached skill level 5 in Fighting
    73 | D        | Found a roughly hewn altar of Beogh.
    73 | D        | Found a snail-covered altar of Cheibriados.
    73 | D        | Found a shadowy altar of Dithmenos.
    73 | D        | Found a white marble altar of Elyvilon.
    73 | D        | Found a blossoming altar of Fedhas.
    73 | D        | Found an opulent altar of Gozag.
    74 | D        | Found a hazy altar of Hepliaklqana.
    75 | D        | Found a viscous altar of Jiyva.
    76 | D        | Found an ancient bone altar of Kikubaaqudgha.
    77 | D        | Found a corrupted altar of Lugonu.
    78 | D        | Found a burning altar of Makhleb.
    79 | D        | Found a sparkling altar of Nemelex Xobeh.
    80 | D        | Found an iron altar of Okawaru.
    81 | D        | Found a stormy altar of Qazlal.
    82 | D        | Found a sacrificial altar of Ru.
    83 | D        | Found a deep blue altar of Sif Muna.
    84 | D        | Found a bloodstained altar of Trog.
    85 | D        | Found a hide-covered altar of Uskayaw.
    86 | D        | Found a radiant altar of Vehumet.
    87 | D        | Found a shimmering altar of Xom.
    88 | D        | Found a basalt altar of Yredelemnul.
    89 | D        | Found a glowing silver altar of Zin.
    90 | D        | Found a glowing golden altar of the Shining One.
    92 | D        | Became a worshipper of Trog the Wrathful
   142 | D        | Noticed a troll
   142 | D        | Noticed a killer bee
   142 | D        | Noticed a scorpion
   142 | D        | Noticed a necrophage
   149 | D        | Slain by a troll

Vault maps used:
D:        linesprint

Skill      XL: |  1  2  3 |
---------------+----------+-----
Shields        | 4 |  4.9
Fighting       | 4 5 |  5.0
Armour         | 4 |  4.6
Axes           | |  2.4

Action                   || total
-------------------------++-------
Melee: War axe           ||    28
       Broad axe         ||     7
Armor: Scale mail        ||     7
       Chain mail        ||     8
Dodge: Dodged            ||    14
Block: Shield            ||    19
